 Dungeon Crawl Stone Soup version 0.27.1-2-g3b301248ec (webtiles) character file.

Game seed: 6492490459984108820

58293 worthlessgem the Nimble (level 15, -14/113 HPs)
             Began as a Djinni Warper on Sept 25, 2021.
             Was an Initiate of Gozag.
             Demolished by an alligator (19 damage)
             ... on level 1 of the Swamp on Sept 26, 2021.
             The game lasted 04:29:38 (29677 turns).

worthlessgem the Nimble (Djinni Warper)            Turns: 29677, Time: 04:29:39

Health: -14/113    AC:  1    Str: 11    XL:     15   Next: 29%
Gold:   1295       EV: 17    Int: 20    God:    Gozag SH:  8 Dex: 13

rFire    + + +     SeeInvis .   G - +4 long sword (holy)
rCold    + . .     Faith    .   B - +3 buckler
rNeg     . . .     Spirit   .   L - +1 troll leather armour
rPois    ∞         Reflect  .   (no helmet)
rElec    .         Harm     .   A - scarf {rC+ rF+}
rCorr    .         Rampage  .   (no gloves)
Will     +....                  (boots unavailable)
Stlth    +++.......             z - amulet of regeneration
HPRegen  2.28/turn              l - ring of wizardry
MPRegen  0.00/turn              O - ring of protection from cold

@: corroded, gold aura, flying
A: sickness immunity, fire resistance 2, cold vulnerability 1, float, innate
caster, hp casting, extra vitality 1
a: Renounce Religion, Potion Petition, Call Merchant, Bribe Branch


You were on level 1 of the Swamp.
You worshipped Gozag.
Gozag was most pleased with you.
You visited 6 branches of the dungeon, and saw 24 of its levels.

You collected 6218 gold pieces.
You spent 2858 gold pieces at shops.
You paid 2065 gold pieces to Gozag.

Inventory:

Hand Weapons
 a - a +4 dagger of venom
 b - the +9 dagger of Responsibility {protect, rElec rF+ Dex+4}
   (You found it on level 5 of the Lair of Beasts)

   It grants its wielder temporary protection when it strikes (+7 to AC).
   Dex:       It affects your dexterity (+4).
   rF:        It protects you from fire.
   rElec:     It insulates you from electricity.
 e - a +2 rapier of draining
 q - a +2 vampiric dagger
 u - the +8 trident "Yneevoveeb" {vorpal, rC+ Will+}
   (You found it on level 5 of the Dungeon)

   It inflicts extra damage upon your enemies.
   rC:        It protects you from cold.
   Will:      It increases your willpower.
 w - a +2 dagger of chaos
 G - a +4 long sword of holy wrath (weapon)
Missiles
 d - 4 boomerangs of dispersal
 s - 12 javelins
 D - 44 boomerangs (quivered)
 H - 4 atropa-tipped darts
 I - a throwing net
 T - 7 datura-tipped darts
Armour
 A - a scarf of resistance (worn)
 B - a +3 buckler (worn)
 L - a +1 troll leather armour (worn)
Jewellery
 l - a ring of wizardry (left hand)
 z - an amulet of regeneration (around neck)
 O - a ring of protection from cold (right hand)
 S - a ring of ice
Wands
 j - a wand of flame (37)
 x - a wand of digging (7)
 y - a wand of polymorph (6)
 E - a wand of paralysis (15)
Scrolls
 c - 8 scrolls of blinking
 f - 2 scrolls of torment
 g - 9 scrolls of teleportation
 i - 4 scrolls of vulnerability
 k - 6 scrolls of fog
 v - 2 scrolls of magic mapping
 F - 3 scrolls of summoning
 J - 9 scrolls of identify
 K - a scroll of holy word {unknown}
 M - 3 scrolls of immolation
 R - a scroll of fear
Potions
 h - 9 potions of curing
 m - 5 potions of lignification
 n - a potion of heal wounds
 o - a potion of ambrosia
 p - a potion of mutation
 r - a potion of resistance
 t - a potion of haste
 N - 2 potions of attraction
 P - a potion of brilliance {unknown}
Miscellaneous
 C - a phantom mirror
 Q - a phantom mirror


   Skills:
 + Level 12.8 Fighting
 - Level 7.7(8.0) Short Blades
 - Level 2.4(5.4) Long Blades
 - Level 4.0 Throwing
 - Level 1.0 Armour
 * Level 13.3 Dodging
 - Level 7.0 Stealth
 - Level 5.2 Shields
 - Level 9.5 Spellcasting
 - Level 6.0 Evocations


You couldn't memorise any spells.
You knew the following spells:

 Your Spells              Type           Power      Damage    Failure   Level
a - Blink                 Tloc           N/A        N/A       1%          2
b - Lesser Beckoning      Tloc           23%        N/A       1%          3
c - Gell's Gravitas       Tloc           23%        N/A       1%          3
d - Teleport Other        Tloc           47%        N/A       1%          3
e - Manifold Assault      Tloc           47%        N/A       2%          5
f - Pain                  Necr           100%       1d9       1%          1
g - Call Imp              Summ           47%        N/A       1%          2
h - Summon Guardian Gole  Hex/Summ       47%        N/A       1%          3
i - Vampiric Draining     Necr           23%        2d9       1%          3
j - Summon Forest         Summ/Tloc      23%        N/A       2%          5
k - Blade Hands           Tmut           23%        N/A       2%          5
l - Starburst             Conj/Fire      23%        6d8       12%         6
Your spell library was empty.

Dungeon Overview and Level Annotations

Branches:
Dungeon (12/15)            Temple (1/1) D:4            Lair (6/6) D:9
  Swamp (1/4) Lair:3        Snake (0/4) Lair:3        Slime (0/5) Lair:5
    Orc (2/2) D:10            Elf (2/3) Orc:2

Altars:
Ashenzari
Cheibriados
Dithmenos
Elyvilon
Fedhas
Gozag
Hepliaklqana
Kikubaaqudgha
Makhleb
Nemelex Xobeh
Okawaru
Qazlal
Ru
Sif Muna
Trog
Uskayaw
Vehumet
Wu Jian
Xom
Yredelemnul
Zin
The Shining One
Jiyva
Lugonu

Shops:
D:1 *   D:2 ?   D:7 (   D:9 [   D:10 !   D:11 =   Orc:1 :   Orc:2 ?[(!:

Portals:
Abyss: D:1

Annotations:
D:10 3 runed translucent doors
D:11 exclusion: death knight
Lair:2 3 runed translucent doors, suspendersengaged's ghost, journeyman HOFi
Lair:6 Jipob's ghost, adept MiBe


Innate Abilities, Weirdness & Mutations

You are immune to sickness and miasma.
You are immune to poison.
Your flesh is very heat resistant. (rF++)
You are vulnerable to cold. (rC-)
You float through the air rather than walking.
You learn spells naturally, not from books.
Your magical power is your life essence.
You have superior vitality. (+4 HP)


Message History

The bolt of fire hits the swamp worm!!
The swamp worm is heavily wounded.
The mangrove smoulders and burns. x5
The swamp worm is engulfed in a cloud of scalding steam.
You block the swamp worm's attack.
The spriggan rider is engulfed in a cloud of scalding steam.
The spriggan rider hits you from afar with a +0 spear!
You slash the swamp worm!
You kill the swamp worm!
The goliath frog is engulfed in a cloud of scalding steam.
The goliath frog hits you from afar! The acid corrodes you!
You are splashed with acid!
The spriggan rider is engulfed in blazing flames.
The spriggan rider hits you from afar with a +0 spear.
The spriggan rider is engulfed in a cloud of scalding steam.
The spriggan rider hits you from afar with a +0 spear!
The goliath frog is engulfed in a cloud of scalding steam.
The goliath frog closely misses you.
The spriggan rider is engulfed in blazing flames.
You block the spriggan rider's attack.
A vampire mosquito comes into view.
The vampire mosquito buzzes angrily. x2
The spriggan rider is engulfed in a cloud of scalding steam.
You block the spriggan rider's attack. You block the goliath frog's attack.
The spriggan rider is engulfed in blazing flames.
Unknown command.
Casting: Starburst (dangerous; 12% risk of failure)
Confirm with . or Enter, or press ? or * to list all spells.
Okay, then.
The spriggan rider is engulfed in a cloud of scalding steam.
You hear a splash.
You kill the spriggan!
The spriggan rider hits you from afar with a +0 spear!!
The goliath frog hits you!!
* * * LOW HITPOINT WARNING * * *
You are splashed with acid!
* * * LOW HITPOINT WARNING * * *
The alligator bites you!!
You die...
Your body crumbles into a pile of gold.

♣♣ ♣♣≈ ♣♣.♣
♣§.♣♣♣ ♣♣≈.§§♣♣♣
♣☼§.§§§≈♣♣
♣<@yi≈§.≈♣
♣ytF§♣○≈≈♣
♣≈§y≈iy≈≈.≈♣
♣.≈♣≈D.§≈≈.♣
≈≈≈≈§..≈≈≈≈.♣
♣..≈≈≈≈≈.?≈≈.♣
≈≈≈≈≈..≈≈♣.≈..
♣≈≈...≈≈≈≈≈≈≈≈≈♣


You could see an alligator, a five-headed hydra, 2 spriggan riders, a goliath
frog, a hornet and 3 vampire mosquitoes.

Vanquished Creatures
  A deep elf demonologist (Elf:1)
  A deep elf death mage (Elf:2)
  Josephine (D:11)
  3 boulder beetles
  A hydra (Lair:4)
  A catoblepas (Lair:3)
  9 death yaks
  2 two-headed ogres
  2 orc high priests (Orc:2)
  2 deep elf knights (Elf:2)
  A deep elf archer (Elf:1)
  3 orc knights
  4 deep elf pyromancers
  10 deep elf zephyrmancers
  3 orc sorcerers
  2 elephants
  13 cane toads
  A black mamba (Lair:1)
  2 kobold demonologists (D:11)
  5 rime drakes
  A freezing wraith (D:11)
  9 komodo dragons
  A troll (Orc:1)
  4 tyrant leeches (Lair:6)
  2 polar bears
  Prince Ribbit (D:8)
  10 blink frogs
  Sigmund (D:1)
  A spriggan (Swamp:1)
  An air elemental (Elf:2)
  7 basilisks
  16 wyverns
  Grum (D:9)
  25 yaks
  3 vampire mosquitoes (Lair:6)
  A steam dragon (D:9)
  2 wargs
  5 nagas (Lair:3)
  A swamp worm (Swamp:1)
  6 water moccasins
  An acid dragon (D:11)
  13 orc warriors
  A swamp drake (D:9)
  An ice beast (D:7)
  The ghost of Rickety the Charlatan, an amateur DDAr (D:4)
  6 wolves
  6 ogres
  3 centaurs
  A phantom (D:6)
  A kobold brigand (D:9)
  19 bullfrogs
  A gnoll sergeant (D:11)
  A scorpion (D:5)
  An earth elemental (Elf:1)
  2 electric eels
  A centaur zombie (D:10)
  8 orc priests
  A jelly (D:5)
  2 bullfrog skeletons (D:7)
  3 hounds
  A centaur skeleton (D:6)
  17 orc wizards
  5 hell rats (Lair:4)
  A killer bee zombie (D:7)
  A hound skeleton (D:4)
  13 gnolls
  6 adders
  2 white imps (D:7)
  2 worms
  5 dart slugs
  35 orcs
  8 bats
  8 endoplasms
  6 giant cockroaches
  9 goblins
  12 hobgoblins
  7 jackals
  A quokka (D:1)
  6 ball pythons
  5 frilled lizards
  15 kobolds
  4 rats
407 creatures vanquished.

Vanquished Creatures (collateral kills)
  A boulder beetle (D:10)
  A hydra (Lair:5)
  An anaconda (shapeshifter) (Elf:2)
  2 dancing weapons
  An orc high priest (Orc:2)
  Urug (D:11)
  3 deep elf zephyrmancers
  A phantasmal warrior (D:11)
  2 orc knights (Orc:2)
  4 deep elf pyromancers
  2 orc sorcerers (Orc:2)
  A manticore (Lair:4)
  A cyclops (D:11)
  An elephant (Lair:4)
  A gargoyle (D:10)
  6 cane toads
  A rime drake (Lair:4)
  2 trolls (D:9)
  4 blink frogs (Lair:6)
  5 wraiths
  2 water elementals
  4 yaks
  A steam dragon (D:8)
  A basilisk (Lair:4)
  3 wyverns
  2 vampire mosquitoes (Lair:6)
  A warg (D:10)
  Edmund (D:4)
  3 nagas (Lair:3)
  An acid dragon (D:11)
  8 orc warriors
  A black bear (Lair:3)
  2 ogres
  A centaur (D:11)
  A wolf (D:9)
  2 kobold brigands
  2 bullfrogs
  A gnoll sergeant (D:7)
  A wyvern zombie (D:8)
  A wight (D:4)
  A howler monkey (D:7)
  A crimson imp (D:10)
  6 orc priests
  A bullfrog skeleton (D:4)
  A hell rat (Lair:3)
  4 orc wizards
  A howler monkey skeleton (D:7)
  A howler monkey zombie (D:5)
  A gnoll (D:5)
  An adder skeleton (D:4)
  24 orcs
  A giant cockroach (D:4)
  A hobgoblin (D:3)
  A quokka (D:4)
  A ball python (D:3)
  3 kobolds (D:11)
129 creatures vanquished.

Vanquished Creatures (others)
  A yak (D:9)
  An orc warrior (Orc:2)
  A hell rat (Lair:4)
  27 fungi
  86 plants
  8 snaplasher vines
124 creatures vanquished.

Grand Total: 660 creatures vanquished

Notes
Turn   | Place    | Note
-------+----------+-------------------------------------------
     0 | D:1      | worthlessgem the Djinni Warper began the quest for the Orb.
     0 | D:1      | Reached XP level 1. HP: 18/18 MP: 0/0
   225 | D:1      | Reached XP level 2. HP: 23/23 MP: 0/0
   536 | D:1      | Found a corrupted altar of Lugonu.
   536 | D:1      | Found a one-way gate to the infinite horrors of the Abyss.
   536 | D:1      | Noticed a quasit
   536 | D:1      | Noticed a quasit
   536 | D:1      | Noticed a quasit
   537 | D:1      | Noticed a quasit
   605 | D:1      | Reached XP level 3. HP: 29/29 MP: 0/0
   605 | D:1      | Learned a level 1 spell: Pain
  1028 | D:1      | Found Pouqam's General Store.
  1049 | D:1      | Bought a scroll of identify for 20 gold pieces
  1281 | D:1      | Reached XP level 4. HP: 21/34 MP: 0/0
  2147 | D:2      | Noticed Sigmund
  2161 | D:1      | Killed Sigmund
  2162 | D:1      | Reached skill level 1 in Short Blades
  2162 | D:1      | Reached XP level 5. HP: 18/40 MP: 0/0
  2162 | D:1      | Learned a level 2 spell: Call Imp
  2162 | D:1      | Reached XP level 6. HP: 20/46 MP: 0/0
  2597 | D:2      | Found Ceiwn's Magic Scroll Shoppe.
  3573 | D:3      | Noticed an ogre
  3864 | D:4      | Noticed Rickety's ghost (amateur DDAr)
  3864 | D:4      | Noticed a wyvern
  3865 | D:4      | Found a transporter.
  3875 | D:4      | Found a transporter.
  4126 | D:3      | Reached XP level 7. HP: 36/51 MP: 0/0
  4126 | D:3      | Learned a level 3 spell: Summon Guardian Golem
  4606 | D:4      | Found a staircase to the Ecumenical Temple.
  4640 | Temple   | Entered the Ecumenical Temple
  4888 | D:5      | Entered Level 5 of the Dungeon
  4921 | D:4      | Noticed Edmund
  4935 | D:4      | Killed Edmund
  5253 | D:5      | Found a hide-covered altar of Uskayaw.
  5260 | D:5      | Found a broken altar of Ashenzari.
  5261 | D:5      | Found an opulent altar of Gozag.
  5261 | D:5      | Found a glowing golden altar of the Shining One.
  5261 | D:5      | Found a white marble altar of Elyvilon.
  5262 | D:5      | Found an iron altar of Okawaru.
  5263 | D:5      | Found a sacrificial altar of Ru.
  5264 | D:5      | Found a snail-covered altar of Cheibriados.
  5270 | D:5      | Found a bloodstained altar of Trog.
  5274 | D:5      | Became a worshipper of Gozag Ym Sagoz the Greedy
  5369 | D:5      | Identified the +3 war axe of Expedience {venom, rN+ Will+}
  5532 | D:5      | Noticed a water moccasin
  5553 | D:5      | Killed a water moccasin
  5554 | D:5      | Reached skill level 5 in Spellcasting
  5580 | D:5      | Reached XP level 8. HP: 50/58 MP: 0/0
  5907 | D:5      | Identified the +8 trident "Yneevoveeb" {vorpal, rC+ Will+}
  7043 | D:6      | Reached skill level 1 in Shields
  7373 | D:6      | Reached skill level 1 in Stealth
  7726 | D:6      | Reached skill level 5 in Fighting
  7726 | D:6      | Reached skill level 3 in Dodging
  8058 | D:1      | Bought a potion of curing for 30 gold pieces
  8058 | D:1      | Bought a wand of paralysis (5) for 70 gold pieces
  8058 | D:1      | Bought 2 scrolls of summoning for 190 gold pieces
  8600 | D:7      | Reached skill level 1 in Throwing
  8745 | D:7      | Found Edayn's Antique Weapon Boutique.
  8864 | D:7      | Reached XP level 9. HP: 65/65 MP: 0/0
  8864 | D:7      | Learned a level 3 spell: Vampiric Draining
  9540 | D:7      | Reached skill level 4 in Dodging
  9824 | D:8      | Noticed Prince Ribbit
  9833 | D:8      | Killed Prince Ribbit
  9976 | D:8      | Reached skill level 5 in Dodging
 10086 | D:8      | Noticed a deep elf zephyrmancer
 10101 | D:8      | Killed a deep elf zephyrmancer
 10102 | D:8      | Reached skill level 6 in Dodging
 10102 | D:8      | Reached XP level 10. HP: 53/73 MP: 0/0
 10182 | D:8      | Reached skill level 1 in Evocations
 10904 | D:9      | Noticed a komodo dragon
 10920 | D:9      | Killed a komodo dragon
 10921 | D:9      | Reached skill level 7 in Dodging
 11005 | D:9      | Noticed a komodo dragon
 11050 | D:9      | Killed a komodo dragon
 11123 | D:9      | Found a staircase to the Lair.
 11448 | D:9      | Noticed a two-headed ogre
 11467 | D:9      | Noticed Grum
 11570 | D:9      | Killed Grum
 11575 | D:9      | Reached XP level 11. HP: 27/80 MP: 0/0
 11575 | D:9      | Learned a level 5 spell: Summon Forest
 11779 | D:9      | Killed a two-headed ogre
 11897 | D:10     | Entered Level 10 of the Dungeon
 11897 | D:10     | Found Coedaip's Distillery.
 11900 | D:10     | Bought a potion of degeneration for 13 gold pieces
 11900 | D:10     | Bought a potion of heal wounds for 65 gold pieces
 11900 | D:10     | Bought a potion of curing for 39 gold pieces
 11900 | D:10     | Bought a potion of curing for 39 gold pieces
 12296 | D:10     | Found a runed translucent gate.
 12541 | D:10     | Found a runed translucent gate.
 12541 | D:10     | Found a runed translucent gate.
 12541 | D:10     | Noticed a green ugly thing
 12541 | D:10     | Noticed a brown ugly thing
 12541 | D:10     | Noticed a white very ugly thing
 12541 | D:10     | Noticed a glowing orange brain
 12542 | D:10     | Noticed a cyan ugly thing
 12544 | D:10     | Noticed a purple ugly thing
 13141 | D:10     | Noticed a boulder beetle
 13230 | D:10     | Found a staircase to the Orcish Mines.
 13327 | D:10     | Killed a boulder beetle
 13328 | D:10     | Reached skill level 5 in Evocations
 13418 | D:10     | Found a burning altar of Makhleb.
 13418 | D:10     | Found a shimmering altar of Xom.
 13742 | D:11     | Noticed a cyclops
 13754 | D:11     | Killed a cyclops
 13822 | D:11     | Noticed Urug
 13831 | D:11     | Killed Urug
 13858 | D:11     | Found Qesmomor's Jewellery Shop.
 13865 | D:11     | Bought a ring of wizardry for 480 gold pieces
 13871 | D:11     | Bought a ring of protection from cold for 400 gold pieces
 13883 | D:11     | Noticed Josephine
 13893 | D:11     | Killed Josephine
 14339 | D:11     | Noticed a death knight
 14339 | D:11     | Noticed a phantasmal warrior
 14368 | D:11     | Killed a phantasmal warrior
 14724 | Orc:1    | Entered Level 1 of the Orcish Mines
 14833 | Orc:1    | Noticed an orc sorcerer
 14935 | Orc:1    | Killed an orc sorcerer
 14936 | Orc:1    | Reached XP level 12. HP: 80/86 MP: 0/0
 15323 | Orc:1    | Found Veacyem's Book Emporium.
 15933 | D:9      | Fell from the grace of Gozag
 16077 | D:5      | Became a worshipper of Gozag Ym Sagoz the Greedy
 16551 | D:9      | Found a staircase to the Lair.
 16948 | Lair:1   | Entered Level 1 of the Lair of Beasts
 18192 | Lair:2   | Identified the +4 ring mail of Lyole {rElec Stlth+}
 18402 | Lair:2   | Found a runed translucent gate.
 18402 | Lair:2   | Found a runed translucent gate.
 18402 | Lair:2   | Found a runed translucent gate.
 18407 | Lair:2   | Noticed suspendersengaged's ghost (journeyman HOFi)
 18736 | Lair:2   | Found a viscous altar of Jiyva.
 18857 | Lair:3   | Reached skill level 5 in Short Blades
 19148 | Lair:3   | Reached skill level 5 in Stealth
 19373 | Lair:3   | Found a staircase to the Snake Pit.
 19602 | Lair:3   | Found a staircase to the Swamp.
 19607 | Lair:3   | Noticed a catoblepas
 19769 | Lair:3   | Killed a catoblepas
 19770 | Lair:3   | Reached XP level 13. HP: 65/94 MP: 0/0
 19770 | Lair:3   | Learned a level 5 spell: Blade Hands
 20083 | Lair:4   | Noticed a four-headed hydra
 20115 | Lair:4   | Noticed a boulder beetle
 20404 | Orc:2    | Entered Level 2 of the Orcish Mines
 21212 | Orc:2    | Reached skill level 10 in Fighting
 21339 | Orc:2    | Found Kingaywu's Book Emporium.
 21339 | Orc:2    | Found Paziefinok's Antique Armour Emporium.
 21340 | Orc:2    | Found Meuprav's Distillery.
 21340 | Orc:2    | Found Dahimox's Antique Weapon Shop.
 21622 | D:7      | Bought a faintly glowing broad axe for 252 gold pieces
 21622 | D:7      | Identified the +6 broad axe "Vuiq" {distort, rN+ Str+3}
                  | (You bought it in a shop on level 7 of the Dungeon)
 21971 | D:4      | Killed Rickety's ghost
 22402 | Lair:4   | Reached skill level 8 in Dodging
 22917 | Lair:4   | Reached skill level 5 in Shields
 23067 | Lair:4   | Killed a boulder beetle
 23411 | Lair:4   | Reached XP level 14. HP: 105/105 MP: 0/0
 23598 | Lair:5   | Found a viscous altar of Jiyva.
 23598 | Lair:5   | Found a staircase to the Slime Pits.
 23941 | Lair:5   | Reached skill level 9 in Dodging
 24008 | Lair:5   | Identified the amulet of Xom's Fair Game {Faith Rampage rF+
                  | Dex-5}
 24439 | Lair:5   | Identified the +9 dagger of Responsibility {protect, rElec
                  | rF+ Dex+4}
 25055 | Orc:2    | Bought a runed rapier for 189 gold pieces
 25055 | Orc:2    | Bought a glowing long sword for 175 gold pieces
 25192 | Orc:2    | Found a staircase to the Elven Halls.
 25267 | Orc:2    | Found Zih Nyna's Magic Scroll Shop.
 25670 | Lair:6   | Entered Level 6 of the Lair of Beasts
 25740 | Lair:5   | Reached skill level 10 in Dodging
 26012 | Lair:6   | Identified the +1 robe "Edog" {rF+ rC+}
 26282 | D:9      | Bought a runed scarf for 296 gold pieces
 26424 | D:2      | Bought a scroll of enchant armour for 90 gold pieces
 26424 | D:2      | Bought a scroll of enchant armour for 90 gold pieces
 26424 | D:2      | Bought a scroll of magic mapping for 42 gold pieces
 26424 | D:2      | Bought a scroll of immolation for 42 gold pieces
 26424 | D:2      | Bought a scroll of torment for 90 gold pieces
 26424 | D:2      | Bought a scroll of blinking for 90 gold pieces
 26424 | D:2      | Bought a scroll of vulnerability for 90 gold pieces
 26424 | D:2      | Bought a scroll of fear for 42 gold pieces
 26424 | D:2      | Bought a scroll of identify for 24 gold pieces
 26633 | Elf:1    | Entered Level 1 of the Elven Halls
 26653 | Elf:1    | Reached skill level 11 in Dodging
 26812 | Elf:1    | Noticed a deep elf demonologist
 26815 | Elf:1    | Noticed a Brimstone Fiend
 26824 | Elf:1    | Killed a deep elf demonologist
 27152 | Elf:2    | Paralysed by an air elemental for 1 turns
 27158 | Elf:2    | Paralysed by an air elemental for 1 turns
 27162 | Elf:2    | Paralysed by an air elemental for 1 turns
 27168 | Elf:2    | Paralysed by an air elemental for 1 turns
 27254 | Elf:2    | Reached skill level 12 in Dodging
 27254 | Elf:2    | HP: 4/107 [deep elf zephyrmancer/bolt of lightning (31)]
 27313 | Elf:2    | HP: 3/91 [deep elf death mage/bolt of negative energy (46)]
 27586 | Elf:1    | Reached XP level 15. HP: 104/106 MP: 0/0
 27586 | Elf:1    | Learned a level 6 spell: Starburst
 28175 | Lair:6   | Identified the ring of Lorinn {rPois rF+}
 28346 | Lair:6   | Reached skill level 13 in Dodging
 28683 | Lair:6   | Found a runed translucent door.
 28706 | Lair:6   | Noticed Jipob's ghost (adept MiBe)
 29669 | Swamp:1  | Entered Level 1 of the Swamp
 29677 | Swamp:1  | HP: 5/113 [acid (9)]
 29677 | Swamp:1  | Demolished by an alligator

Illustrated notes

Levels and vault maps discovered:
D:1:      erik_arrival_cave_to_civilisation [erik_arrival_cave_to_temple],
          layout_rooms, serial_shops, shop
D:2:      layout_rooms, serial_shops, shop, serial_bayou_lagoon_a,
          grunt_ministairs_3, feat_on_display, uniq_sigmund
D:3:      minmay_bubble_buster, layout_basic, minmay_misc_feat_square
D:4:      layout_basic, minmay_temple_entry_sparse_star, gammafunk_ghost_arena,
          dk_rats_in_the_wall, uniq_edmund
D:5:      layout_layer_cave, minitemple, kennysheep_generic_room_6
D:6:      layout_loops_ring, kennysheep_cluttered_room, roderic_lattice_a,
          minmay_tree_intersection, minmay_misc_feat_encased
D:7:      minmay_razor_zed, layout_loops_corners, serial_shops,
          nicolae_shop_temple_entry_statues_fountains, minmay_misc_feat_enclosed
D:8:      layout_basic, guppyfry_early_elven_hall, uniq_prince_ribbit1
D:9:      layout_roguey, erik_lair_dragon, uniq_grum
D:10:     layout_stronghold, grunt_temple_overflow_champion_of_chaos,
          hiddenorc1_lemuel, serial_shops, nicolae_stop_n_shop_1,
          ploomutoo_gammafunk_ghost_potion_laboratory, serial_column_ruins,
          column_ruins_open_medium, column_ruins_grid_1,
          column_ruins_open_small, column_ruins_open_large, column_ruins_grid_3
D:11:     layout_roguey, serial_shops, shop, uniq_josephine, uniq_urug
D:12:     layout_grid_maze, minivault_26, nicolae_vehumet_radiance
Temple:   jpeg_temple_alley_garden
Lair:1:   layout_regular_city
Lair:2:   layout_chaotic_city, gammafunk_ghost_ooze, serial_bayou_shore_a
Lair:3:   layout_concentric_octagons, swamp_mist_pool,
          minmay_snake_entry_guardpost_large
Lair:4:   layout_roguey, special_room [special_room_mythical_zoo],
          beast_lair_carwin_5
Lair:5:   layout_roguey, slime_altar_1, grunt_megastairs_4
Lair:6:   minmay_lair_end_frog_pond, layout_hall_layers,
          ebering_ghost_inner_flame, columned_hall_lemuel
Swamp:1:  layout_falls_marsh, serial_swamp_ruin, evilmike_swamp_ruin_house_6,
          evilmike_swamp_ruin_wall
Orc:1:    nicolae_orc_accident_1, layout_caves, serial_shops, shop
Orc:2:    st_orc_elflike, layout_diamond_mine, serial_shops,
          nicolae_diamond_shop, kennysheep_orc_sif_temple
Elf:1:    eino_elf_arrival_the_gate, layout_loops_ring, special_room
          [special_room_orc], minmay_elf_demonology, minmay_shoptagon
Elf:2:    elven_hall_of_blades_hangedman_alternative
          [nicolae_blade_entry_diamond_columns], layout_loops_cross, uniq_azrael

Skill      XL: |  1  2  3  4  5  6  7  8  9 10 11 12 13 14 15 |
---------------+----------------------------------------------+-----
Long Blades    | 2 |  2.4
Spellcasting   | 3 4 5 6 9 |  9.5
Fighting       | 3 4 5 6 7 8 9 11 12 | 12.8
Short Blades   | 1 2 3 5 7 |  7.7
Shields        | 3 4 5 |  5.2
Stealth        | 2 5 6 7 |  7.0
Dodging        | 3 6 7 8 12 13 | 13.3
Throwing       | 1 4 |  4.0
Evocations     | 3 6 |  6.0
Armour         | |  1.0

Action                   |  1- 3 |  4- 6 |  7- 9 | 10-12 | 13-15 || total
-------------------------+-------+-------+-------+-------+-------++-------
Melee: Falchion          |    92 |    23 |       |       |       ||   115
       Dagger            |       |   127 |    73 |   288 |   606 ||  1094
       Trident           |       |       |   111 |    87 |    59 ||   257
       Spear             |       |       |    33 |   225 |       ||   258
       Short sword       |       |       |       |   114 |   229 ||   343
       Unarmed           |       |       |       |       |    27 ||    27
       Hand axe          |       |       |       |       |    13 ||    13
       Rapier            |       |       |       |       |   141 ||   141
       Long sword        |       |       |       |       |    15 ||    15
 Fire: Hunting sling     |       |       |     3 |       |       ||     3
Throw: Boomerang         |       |       |     3 |    11 |     8 ||    22
       Dart              |       |       |     3 |    41 |     7 ||    51
       Javelin           |       |       |       |       |     2 ||     2
 Cast: Pain              |       |    15 |    26 |    24 |     4 ||    69
       Blink             |       |     4 |     9 |    55 |    63 ||   131
       Call Imp          |       |     9 |    54 |    72 |    87 ||   222
       Summon Guardian G |       |       |     6 |     1 |     5 ||    12
       Vampiric Draining |       |       |     3 |    85 |   133 ||   221
       Teleport Other    |       |       |     1 |     3 |    33 ||    37
       Manifold Assault  |       |       |       |   164 |   148 ||   312
       Summon Forest     |       |       |       |    19 |    27 ||    46
       Blade Hands       |       |       |       |       |     3 ||     3
       Lesser Beckoning  |       |       |       |       |     1 ||     1
       Starburst         |       |       |       |       |    15 ||    15
Invok: Renounce Religion |       |       |       |     1 |       ||     1
       Potion Petition   |       |       |       |       |     4 ||     4
       Call Merchant     |       |       |       |       |     1 ||     1
Evoke: Wand              |       |       |     2 |    14 |     9 ||    25
  Use: Scroll            |     2 |       |    15 |    12 |     4 ||    33
       Potion            |       |       |       |     3 |     4 ||     7
 Stab: Sleeping          |       |     1 |     3 |     5 |     4 ||    13
       Distracted        |       |       |     1 |     6 |    15 ||    22
       Paralysed         |       |       |     2 |     3 |       ||     5
       Petrifying        |       |       |       |     1 |       ||     1
Armor: Leather armour    |    39 |    33 |    37 |    49 |       ||   158
       Troll leather arm |       |       |       |    36 |   151 ||   187
Dodge: Dodged            |    75 |    90 |   116 |   340 |   457 ||  1078
Block: Buckler           |       |       |       |    86 |   251 ||   337
       Rpst.: Falchion   |    24 |     3 |       |       |       ||    27
       Long sword        |       |       |       |       |     2 ||     2
